 Dungeon Crawl Stone Soup version 0.27-a0-1193-g8631133539 (webtiles) character file.

Game seed: 744525298609809735

527 EnegeticOcto the Magician (level 7, -4/50 HPs)
             Began as a Djinni Earth Elementalist on May 25, 2021.
             Was an Initiate of Makhleb.
             Slain by an orc warrior
             ... wielding a +0 halberd
              (10 damage)
             ... on level 3 of the Dungeon.
             The game lasted 00:10:07 (1411 turns).

EnegeticOcto the Magician (DjEE)                    Turns: 1411, Time: 00:10:07

Health: -4/50      AC:  6    Str:  7    XL:     7   Next: 47%
Gold:   122        EV:  9    Int: 19    God:    Makhleb [......] SH:  0 Dex: 13

rFire    + + .     SeeInvis .   e - 2 scrolls of teleportation {@r3 !r}
rCold    x . .     Faith    .   (no shield)
rNeg     . . .     Spirit   .   c - +0 robe
rPois    ∞         Reflect  .   (no helmet)
rElec    .         Harm     .   o - +0 cloak
rCorr    .         Rampage  .   m - +2 pair of gloves
Will     .....                  (boots unavailable)
Stlth    ++........             (no amulet)
HPRegen  0.16/turn              (no ring)
MPRegen  0.00/turn              (no ring)

@: flying, constricted
A: sickness immunity, fire resistance 2, cold vulnerability 1, float, innate
caster, hp casting, extra vitality 1
a: Renounce Religion


You were on level 3 of the Dungeon.
You worshipped Makhleb.
Makhleb was noncommittal.
You visited 2 branches of the dungeon, and saw 6 of its levels.

You collected 122 gold pieces.

Inventory:

Hand Weapons
 f - a +0 short sword
   (You found it on level 1 of the Dungeon)
 h - a +1 dagger of speed
   (You found it on level 1 of the Dungeon)
 n - a +1 antimagic trident
   (You found it on level 4 of the Dungeon)
Missiles
 b - 106 stones
 k - 11 poisoned darts
Armour
 c - a +0 robe (worn)
 m - a +2 pair of gloves (worn)
   (You found it on level 3 of the Dungeon)
 o - a +0 cloak (worn)
   (You found it on level 5 of the Dungeon)
Magical Staves
 a - a staff of cold
   (You found it on level 3 of the Dungeon)
Jewellery
 d - a ring of positive energy
   (You found it on level 1 of the Dungeon)
Scrolls
 e - 2 scrolls of teleportation (in hand) {@r3 !r}
 i - 2 scrolls of magic mapping {@r5 !r}
 j - a scroll of blinking {@r4}
 p - a scroll of enchant weapon


   Skills:
 - Level 3.0 Fighting
 - Level 2.1 Dodging
 - Level 1.5 Stealth
 + Level 5.6 Spellcasting


You couldn't memorise any spells.
You knew the following spells:

 Your Spells              Type           Power      Damage    Failure   Level
a - Sandblast             Erth           52%        2d12      1%          1
b - Stone Arrow           Conj/Erth      52%        3d10      3%          3
c - Poisonous Vapours     Pois/Air       52%        N/A       1%          2
d - Lee's Rapid Deconstr  Erth           13%        3d10*     30%         5
e - Petrify               Tmut/Erth      26%        N/A       11%         4
f - Teleport Other        Tloc           26%        N/A       3%          3
p - Passwall              Tmut/Erth      21%        N/A       1%          2
s - Magic Dart            Conj           100%       1d8       1%          1
Your spell library was empty.

Dungeon Overview and Level Annotations

Branches:
Dungeon (5/15)             Temple (1/1) D:4

Altars:
Dithmenos
Elyvilon
Fedhas
Gozag
Kikubaaqudgha
Makhleb
Okawaru
Qazlal
Uskayaw
Vehumet
Xom
Zin
The Shining One

Annotations:
D:3 1 transporter


Innate Abilities, Weirdness & Mutations

You are immune to sickness and miasma.
You are immune to poison.
Your flesh is very heat resistant. (rF++)
You are vulnerable to cold. (rC-)
You float through the air rather than walking.
You learn spells naturally, not from books.
Your magical power is your life essence.
You have superior vitality. (+4 HP)


Message History

You enter the transporter and appear at another place.
The orc warrior closely misses you.
Casting: Poisonous Vapours (safe; 1% risk of failure)
Confirm with . or Enter, or press ? or * to list all spells.
Aiming: Poisonous Vapours (safe; 1% risk of failure)
Press: ? - help, Dir - move target, f - orc warrior
Aim: an orc warrior, wielding a +0 halberd and wearing a +0 chain mail Poisonous vapours surround the orc warrior!
The adder completely misses you.
The orc warrior is poisoned.
The orc warrior hits you but does no damage.
The iguana bites you but does no damage.
The adder barely misses you.
Casting: Poisonous Vapours (safe; 1% risk of failure)
Confirm with . or Enter, or press ? or * to list all spells.
Aiming: Poisonous Vapours (safe; 1% risk of failure)
Press: ? - help, Dir - move target, f/p - orc warrior
Aim: an orc warrior, wielding a +0 halberd and wearing a +0 chain mail (poisoned) Poisonous vapours surround the orc warrior!
The adder closely misses you. The iguana bites you.
* * * LOW HITPOINT WARNING * * *
The orc warrior is engulfed in poison gas.
The orc warrior looks even sicker.
Casting: Poisonous Vapours (safe; 1% risk of failure)
Confirm with . or Enter, or press ? or * to list all spells.
Aiming: Poisonous Vapours (safe; 1% risk of failure)
Press: ? - help, Dir - move target, f/p - orc warrior
Aim: an orc warrior, wielding a +0 halberd and wearing a +0 chain mail (moderately wounded, very poisoned)
Okay, then.
The adder bites you.
* * * LOW HITPOINT WARNING * * *
You see here a scroll labelled QOJIMU SURAEC.
Casting: Poisonous Vapours (safe; 1% risk of failure)
Confirm with . or Enter, or press ? or * to list all spells.
Aiming: Poisonous Vapours (safe; 1% risk of failure)
Press: ? - help, Dir - move target, f - adder
Aim: an adder Poisonous vapours surround the adder!
* * * LOW HITPOINT WARNING * * *
The ball python bites you.
* * * LOW HITPOINT WARNING * * *
The ball python closely misses you.
The adder is engulfed in poison gas.
The adder is poisoned.
The adder misses you. The ball python misses you. The ball python grabs you.
* * * LOW HITPOINT WARNING * * *
The ball python constricts you.
You see here 13 gold pieces.
Casting: Poisonous Vapours (safe; 1% risk of failure)
Confirm with . or Enter, or press ? or * to list all spells.
Aiming: Poisonous Vapours (safe; 1% risk of failure)
Press: ? - help, Dir - move target, f - iguana, p - adder
Aim: an iguana Poisonous vapours surround the iguana!
* * * LOW HITPOINT WARNING * * *
The adder bites you.
* * * LOW HITPOINT WARNING * * *
The iguana is engulfed in poison gas.
The iguana is poisoned.
The ball python barely misses you. The ball python constricts you.
The adder barely misses you.
You escape the ball python's grasp.
The orc warrior barely misses you. The adder misses you.
You see here 8 gold pieces.
The adder barely misses you. The ball python completely misses you.
The ball python closely misses you. The adder closely misses you.
The iguana looks more healthy.
The adder looks more healthy.
The adder bites you but does no damage.
The orc warrior looks more healthy.
There is a transporter here.
The orc warrior closely misses you.
The ball python bites you but does no damage.
The ball python barely misses you.
Casting: Poisonous Vapours (safe; 1% risk of failure)
Confirm with . or Enter, or press ? or * to list all spells.
Aiming: Poisonous Vapours (safe; 1% risk of failure)
Press: ? - help, Dir - move target, f - adder, p - iguana
Aim: an adder (severely wounded) Poisonous vapours surround the adder!
* * * LOW HITPOINT WARNING * * *
The adder is engulfed in poison gas.
The adder is poisoned.
You kill the adder!
Makhleb accepts your kill.
The ball python bites you but does no damage.
The ball python closely misses you. The orc warrior closely misses you.
The ball python bites you but does no damage.
The ball python grabs you. The ball python constricts you.
Casting: Poisonous Vapours (safe; 1% risk of failure)
Confirm with . or Enter, or press ? or * to list all spells.
Aiming: Poisonous Vapours (safe; 1% risk of failure)
Press: ? - help, Dir - move target, f - ball python
Aim: a ball python (constricting you)
Okay, then.
Really attack while wielding your 2 scrolls of teleportation {@r3 !r}? [Y]es or [N]o only, please.
Really attack while wielding your 2 scrolls of teleportation {@r3 !r}?
Okay, then.
Really attack while wielding your 2 scrolls of teleportation {@r3 !r}?
Okay, then.
The orc warrior hits you from afar with a +0 halberd!
You die...

#######..#.#
###........#.#
............#.#
#####.........##.#
##..............#.#
#.#..#########....#.#
#.#.##...©...##.#.#.#
#.#.#8.l#.#..8#.#...##
#.#.#@S#...#?$#.#.....
#...#..o....$$#..#..#.
#..©#..©....$_#©...>..
##..#.......$.#...#.##
##.#..#...#?$#.#.#.#
#.#8..#.#..8#.#...#
#.##.......##.#####
#..#########..#
##...........##


You could see an orc warrior, an iguana and a ball python.

Vanquished Creatures
  A yak (D:4)
  A necrophage (D:5)
  A centaur (D:5)
  A phantom (D:4)
  A water moccasin skeleton (D:4)
  A hound skeleton (D:4)
  4 adders
  An adder skeleton (D:4)
  3 orcs
  4 endoplasms
  2 giant cockroaches
  6 goblins
  3 hobgoblins
  2 jackals (D:4)
  A kobold (D:4)
  4 quokkas
  5 ball pythons
  2 bats
  2 frilled lizards
  A rat (D:1)
46 creatures vanquished.

Notes
Turn   | Place    | Note
-------+----------+-------------------------------------------
     0 | D:1      | EnegeticOcto the Djinni Earth Elementalist began the quest
                  | for the Orb.
     0 | D:1      | Reached XP level 1. HP: 15/15 MP: 0/0
    95 | D:1      | Reached XP level 2. HP: 10/21 MP: 0/0
   245 | D:2      | Reached skill level 3 in Spellcasting
   245 | D:2      | Reached XP level 3. HP: 15/25 MP: 0/0
   245 | D:2      | Learned a level 1 spell: Magic Dart
   526 | D:4      | Noticed a phantom
   531 | D:4      | Killed a phantom
   532 | D:4      | Reached skill level 4 in Spellcasting
   532 | D:4      | Reached XP level 4. HP: 6/31 MP: 0/0
   532 | D:4      | Reached XP level 5. HP: 7/35 MP: 0/0
   532 | D:4      | Learned a level 2 spell: Poisonous Vapours
   656 | D:4      | Found a staircase to the Ecumenical Temple.
   680 | Temple   | Entered the Ecumenical Temple
   691 | Temple   | Became a worshipper of Makhleb the Destroyer
   926 | D:4      | Reached XP level 6. HP: 17/40 MP: 0/0
   978 | D:5      | Entered Level 5 of the Dungeon
   978 | D:5      | Noticed a necrophage
  1189 | D:5      | Killed a necrophage
  1190 | D:5      | Reached skill level 1 in Fighting
  1190 | D:5      | Reached skill level 5 in Spellcasting
  1212 | D:5      | Reached skill level 2 in Fighting
  1212 | D:5      | Reached XP level 7. HP: 3/49 MP: 0/0
  1212 | D:5      | Learned a level 3 spell: Teleport Other
  1286 | D:5      | Noticed a yak
  1287 | D:5      | Noticed a yak
  1287 | D:5      | Noticed a yak
  1329 | D:4      | Killed a yak
  1330 | D:4      | Reached skill level 3 in Fighting
  1354 | D:3      | Found a transporter.
  1371 | D:3      | Found a transporter.
  1411 | D:3      | Slain by an orc warrior

Illustrated notes

Levels and vault maps discovered:
D:1:      minmay_arrival_radiant_lines, layout_loops_ring
D:2:      layout_rooms
D:3:      layout_basic, gammafunk_temple_overflow_arena
D:4:      layout_gridville, minmay_temple_entry_large_hall,
          kennysheep_generic_room_4
D:5:      layout_rooms, uniq_eustachio
Temple:   hc_temple_tempest_star

Skill      XL: |  1  2  3  4  5  6  7 |
---------------+----------------------+-----
Spellcasting   | 3 4 5 |  5.6
Fighting       | 2 3 |  3.0
Dodging        | |  2.1
Stealth        | |  1.5

Action                   |  1- 3 |  4- 6 |  7- 9 || total
-------------------------+-------+-------+-------++-------
Melee: Short sword       |     2 |       |       ||     2
 Cast: Sandblast         |    25 |    22 |       ||    47
       Magic Dart        |    10 |     8 |       ||    18
       Stone Arrow       |     2 |     3 |       ||     5
       Poisonous Vapours |       |     7 |    10 ||    17
       Passwall          |       |     4 |       ||     4
  Use: Potion            |     2 |       |       ||     2
       Scroll            |       |       |     6 ||     6
Armor: Robe              |       |       |     6 ||     6
Dodge: Dodged            |     8 |     9 |    20 ||    37

Table legend: (Time is in decaauts)
 A = Elapsed time spent in this place.
 B = Non-inter-level travel time spent in this place.
 C = Inter-level travel time spent in this place.
 D = Time resting spent in this place.
 E = Time spent auto-exploring this place.
 F = Levels seen in this place.
 G = Mean time per level.
                   A        B        C        D        E       F      G
               +--------+--------+--------+--------+--------+-----+--------+
         Total |   1508 |   1493 |     15 |      0 |      0 |   6 |  251.3 |
       Dungeon |   1486 |   1471 |     15 |      0 |      0 |   5 |  297.2 |
        Temple |     22 |     22 |      0 |      0 |      0 |   1 |   22.0 |
               +--------+--------+--------+--------+--------+-----+--------+

Top non-repeatable levels by time:
     D:4: 652 daAuts
     D:3: 338 daAuts
     D:1: 247 daAuts
     D:5: 156 daAuts
     D:2: 91 daAuts
  Temple: 22 daAuts
